 Dungeon Crawl Stone Soup version 0.12.2-14-g7c90c79 (webtiles) character file.

205 MarVin the Chopper (level 4, -3/36 HPs)
             Began as a Demonspawn Fighter on Aug 5, 2013.
             Killed from afar by Sigmund (10 damage)
             ... with a puff of flame
             ... on Level 3 of the Dungeon.
             The game lasted 00:09:48 (2922 turns).

MarVin the Chopper (Demonspawn Fighter)             Turns: 2922, Time: 00:09:49

HP  -3/36        AC 11     Str 18      XL: 4   Next: 55%
MP   3/3         EV  4     Int  9      God:
Gold 99          SH 18     Dex 12      Spells:  0 memorised,  3 levels left

Res.Fire  : . . .   See Invis. : .   a - +0 hand axe {=f}
Res.Cold  : . . .   Warding    : .   v - +0 dwarf chain mail
Life Prot.: . . .   Conserve   : .   c - +0 shield
Res.Poison: .       Res.Corr.  : .   (no helmet)
Res.Elec. : .       Clarity    : .   p - +2 cloak
Sust.Abil.: . .     Spirit.Shd : .   (no gloves)
Res.Mut.  : .       Stasis     : +   (no boots)
Res.Rott. : .       Ctrl.Telep.: .   x - amulet of stasis
Saprovore : . . .   Flight     : +   (no ring)
                                     (no ring)

@: flying, slightly resistant to hostile enchantments, extremely unstealthy
A: claws 1
a: no special abilities


You were on level 3 of the Dungeon.
You were not hungry.

You visited 1 branch of the dungeon, and saw 3 of its levels.

You collected 79 gold pieces.

Inventory:

Hand weapons
 a - a +0,+0 hand axe (weapon) {=f}
Missiles
 g - 13 poisoned needles
Armour
 b - a +0 scale mail
 c - a +0 shield (worn)
 e - a +0 cloak
 o - a +0 chain mail
 p - a +2 cloak (worn)
 v - a +0 dwarven chain mail (worn)
Magical devices
 r - a wand of flame (10)
 s - a wand of random effects (15) {unknown}
Comestibles
 d - 3 bread rations
 A - a beef jerky
 C - a chunk of jackal flesh
Scrolls
 h - 2 scrolls of teleportation {unknown}
 i - a scroll of recharging {unknown}
 j - a scroll of noise {unknown}
 k - a scroll of enchant armour {unknown}
 n - 2 scrolls of identify {unknown}
 u - a scroll of random uselessness {unknown}
 w - 3 scrolls of remove curse {unknown}
Jewellery
 x - an amulet of stasis (around neck)
Books
 q - a book of Changes

   Spells                             Type                      Level
   Beastly Appendage                  Transmutation                1
   Sticks to Snakes                   Transmutation                2
   Spider Form                        Transmutation/Poison         3
   Ice Form                           Ice/Transmutation            4
   Blade Hands                        Transmutation                5


   Skills:
 - Level 3.2 Fighting
 + Level 3.5 Axes
 - Level 3.1 Armour
 - Level 0.3 Dodging
 - Level 3.0 Shields


You had 3 spell levels left.
You didn't know any spells.

Dungeon Overview and Level Annotations

Branches:
Dungeon (3/27)

Altars:
Xom

Annotations
D:3 Grinder, Sigmund


Innate Abilities, Weirdness & Mutations

You have sharp fingernails.


Message History

You hit it. It hits you but does no damage.
Your shield and chain mail prevent you from hitting it.
It hits you but does no damage.
You hit it.
You hear some strange, mumbled words.
The puff of flame hits you!
Your scroll labeled APOWUC ENERA catches fire!
* * * LOW HITPOINT WARNING * * *
You closely miss it. It hits you.
* * * LOW HITPOINT WARNING * * *
You miss it.
You hear some strange, mumbled words.
Something tries to affect you, but you resist.
Your chain mail prevents you from hitting it.
You block its attack.
You slash it!
Sigmund appears from thin air!
Reactivating autopickup.
Sigmund points at you and mumbles some strange words.
The puff of flame hits you!
You die...

#.#....### #)#
#.#....# #.#
#.#....# #.#
#.####.### #.#
#.####...#######.#
#................#
#....#...$.#######
#>$..#@#...#
######@#####
#.################
#..<..............
###########...####
#...# #...# #####


You could see Sigmund.

Vanquished Creatures
  Terence (D:2)
  A giant mite (D:2)
  An adder (D:2)
  3 worms
  A giant gecko (D:1)
  2 orcs (D:3)
  4 ball pythons
  3 hobgoblins
  5 jackals
  2 quokkas (D:2)
  5 bats
  4 giant newts
  9 goblins
  11 kobolds
  7 rats
59 creatures vanquished.

Vanquished Creatures (others)
  An orc wizard (D:3)
  A giant newt (D:2)
2 creatures vanquished.

Grand Total: 61 creatures vanquished

Notes
Turn   | Place    | Note
--------------------------------------------------------------
     0 | D:1      | MarVin, the Demonspawn Fighter, began the quest for the Orb.
     0 | D:1      | Reached XP level 1. HP: 18/18 MP: 0/0
   170 | D:1      | Reached XP level 2. HP: 21/24 MP: 1/1
   964 | D:2      | Gained mutation: You have sharp fingernails. [demonic ancestry]
   964 | D:2      | Reached XP level 3. HP: 26/30 MP: 2/2
  1516 | D:2      | Noticed Terence
  1562 | D:2      | Killed Terence
  1562 | D:2      | Reached XP level 4. HP: 3/36 MP: 3/3
  1949 | D:2      | Found a shimmering altar of Xom.
  2580 | D:3      | Noticed Grinder
  2644 | D:3      | Noticed Sigmund
  2922 | D:3      | Killed from afar by Sigmund

Action                   |  1- 3 |  4- 6 || total
-------------------------+-------+-------++-------
Melee: Hand axe          |   157 |   109 ||   266
Evoke: Wand              |     5 |       ||     5
  Use: Potion            |       |     4 ||     4
